 Dungeon Crawl Stone Soup version 0.29-a0-219-g0a02b1cf4f (webtiles) character file.

Game seed: 14718813526864942180

9021 siradein the Frost Mage (level 11, 0/82 HPs)
             Began as a Ghoul Ice Elementalist on Feb 25, 2022.
             Was an Initiate of Kikubaaqudgha.
             Slain by a blizzard demon (1 damage)
             ... on level 1 of the Abyss.
             The game lasted 00:49:35 (12533 turns).

siradein the Frost Mage (Ghoul Ice Elementalist)   Turns: 12533, Time: 00:49:35

Health: 0/82       AC:  6    Str: 13      XL:     11   Next: 40%
Magic:  20/20      EV: 15    Int: 13 (14) God:    Kikubaaqudgha [......]
Gold:   445        SH:  2    Dex:  6 (9)  Spells: 8/23 levels left

rFire   + . .      SeeInvis +   K - +0 spear (vamp)
rCold   + . .      Faith    .   j - +0 buckler
rNeg    + + +      Spirit   .   H - +1 robe {rF+}
rPois   ∞          Reflect  .   (no helmet)
rElec   .          Harm     .   y - +0 cloak
rCorr   .          Rampage  .   C - +0 pair of gloves
Will    .....                   f - +0 pair of boots
Stlth   +.........              n - amulet of regeneration
HPRegen 0.00/turn               v - ring of see invisible
MPRegen 0.17/turn               I - +4 ring of evasion

@: inhibited regen
A: claws 1, cold resistance 1, negative energy resistance 3, inhibited
regeneration, torment resistance 2
a: Renounce Religion


You were on level 1 of the Abyss.
You worshipped Kikubaaqudgha.
Kikubaaqudgha was noncommittal.
You visited 2 branches of the dungeon, and saw 11 of its levels.
You visited the Abyss 1 time.

You collected 500 gold pieces.
You spent 55 gold pieces at shops.

Inventory:

Hand Weapons
 t - a +2 hand axe of venom
 x - a +2 flail of protection
 K - a +0 vampiric spear (weapon)
Missiles
 d - 202 stones
Armour
 f - a +0 pair of boots (worn)
 j - a +0 buckler (worn)
 y - a +0 cloak (worn)
 C - a +0 pair of gloves (worn)
 H - a +1 robe of fire resistance (worn)
Magical Staves
 k - a staff of death
Jewellery
 a - a ring of fire
 l - a ring of resist corrosion
 n - an amulet of regeneration (around neck)
 v - a ring of see invisible (left hand)
 I - a +4 ring of evasion (right hand)
 M - an amulet of the acrobat
Wands
 g - a wand of digging (2)
 D - a wand of flame (13)
 G - a wand of acid (10)
Scrolls
 m - 5 scrolls of fog
 r - 4 scrolls of amnesia
 s - a scroll of silence
 w - a scroll of torment
 E - 2 scrolls of enchant armour
 J - a scroll of brand weapon {unknown}
 N - a scroll of magic mapping
Potions
 b - a potion of heal wounds
 c - 3 potions of flight
 e - 5 potions of curing
 i - a potion of ambrosia {unknown}
 o - 3 potions of brilliance {unknown}
 p - a potion of attraction {unknown}
 q - 4 potions of degeneration {unknown}
 u - 4 potions of might
 z - a potion of magic {unknown}
 A - 4 potions of mutation {unknown}
 B - 2 potions of resistance
 O - a potion of haste {unknown}
Miscellaneous
 L - a tin of tremorstones (2/2)


   Skills:
 + Level 3.3 Fighting
 + Level 3.3 Dodging
 - Level 2.1 Stealth
 + Level 6.9 Spellcasting
 + Level 3.8 Conjurations
 + Level 4.7 Necromancy
 + Level 14.8 Ice Magic


You had 8 spell levels left.
You knew the following spells:

 Your Spells              Type           Power      Damage    Failure   Level
a - Freeze                Ice            100%       1d11      1%          1
b - Frozen Ramparts       Ice            86%        1d10      1%          3
c - Ozocubu's Armour      Ice            43%        N/A       1%          3
d - Summon Ice Beast      Ice/Summ       23%        N/A       10%         4
e - Hailstorm             Conj/Ice       28%        3d8       4%          4

Your spell library contained the following spells:

 Spells                   Type           Power      Damage    Failure   Level
 Magic Dart               Conj           56%        1d5       4%          1
 Summon Small Mammal      Summ           16%        N/A       22%         1
 Call Imp                 Summ           4%         N/A       32%         2
 Mephitic Cloud           Conj/Pois/Air  7%         N/A       36%         3
 Call Canine Familiar     Summ           4%         N/A       54%         3
 Portal Projectile        Hex/Tloc       8%         N/A       54%         3
 Summon Guardian Golem    Hex/Summ       4%         N/A       54%         3
 Airstrike                Air            2%         N/A       91%         4
 Leda's Liquefaction      Hex/Erth       2%         N/A       91%         4
 Summon Lightning Spire   Summ/Air       4%         N/A       91%         4
 Lightning Bolt           Conj/Air       4%         1d16      95%         5
 Summon Mana Viper        Hex/Summ       4%         N/A       99%         5
 Monstrous Menagerie      Summ           2%         N/A       100%        7


Dungeon Overview and Level Annotations

Branches:
Dungeon (10/15)            Temple (1/1) D:7            Lair (0/6) D:8
    Orc (0/2) D:10

Altars:
Ashenzari
Cheibriados
Dithmenos
Elyvilon
Fedhas
Gozag
Hepliaklqana
Kikubaaqudgha
Makhleb
Nemelex Xobeh
Okawaru
Qazlal
Ru
Sif Muna
Trog
Uskayaw
Vehumet
Wu Jian
Xom
Yredelemnul
Zin
The Shining One
Beogh

Shops:
D:9 ?


Innate Abilities, Weirdness & Mutations

You thrive by killing the living.
You are immune to poison.
You have sharp fingernails.
Your flesh is cold resistant. (rC+)
You are immune to negative energy. (rN+++)
You do not regenerate when monsters are visible.
You are immune to unholy pain and torment.


Message History

The white imp picks up a beetle and eats it.
A glowing orange brain comes into view.
The glowing orange brain blinks!
The quasit misses you. x2
The quasit claws you but does no damage.
The chaos spawn barely misses you.
The chaos spawn ululates chillingly with its many mouths.
The glowing orange brain pulsates ominously.
The chaos spawn grows dozens of eye stalks in order to get a better look at you.
The chaos spawn gores you but does no damage.
The glowing orange brain pulsates.
The quasit barely misses you. The quasit misses you.
The quasit completely misses you. The chaos spawn hits you!
The chaos spawn freezes you. You resist.
A small abomination comes into view.
A small abomination comes into view.
You catch the helpless small abomination completely off-guard!
You hit the small abomination but do no damage.
The small abomination closely misses you.
The chaos spawn hits you!
The quasit bites you but does no damage.
The quasit claws you. The quasit closely misses you. The chaos spawn hits you!
The chaos spawn freezes you. You resist.
A blizzard demon comes into view.
The blizzard demon shouts!
Something shouts, "Despair, thou corroded miscreant fleecer!"
You hear an angry squeal.
You hear a roar!
The blizzard demon waves its arms in wide circles.
The air twists around and strikes you.
* * * LOW HITPOINT WARNING * * *
A hell hog comes into view.
The hell hog closely misses you.
The ynoxinul gestures.
The hell hog bites you!
* * * LOW HITPOINT WARNING * * *
The ynoxinul gestures.
The blizzard demon hits you.
* * * LOW HITPOINT WARNING * * *
The blizzard demon hits you.
You die...
Kikubaaqudgha rasps: "You have failed me!
Welcome... oblivion!"

### . ..##. ....
.# ...## #.. ####
.#..# ..##
#5.####..#
#..##.3..5.#.##
##.##.#.#5.5h2#.#
###..#.3.###.#4#@#
.......#.#....##.#
# ##x##..#......
#.#
#.##.#.##..#### .#
### #.# #.##.# #
..x.## .#.##
5.##.# ### ##.###
.#.#


You could see a blizzard demon, a hell hog, a ynoxinul, a quasit and 3 ufetubi.

Vanquished Creatures
  A hydra (D:6)
  A deep elf pyromancer (D:9)
  Joseph (D:7)
  Maurice (D:10)
  2 unseen horrors
  A komodo dragon (D:5)
  Psyche (D:8)
  2 trolls
  2 shadows (D:10)
  A wyvern (D:9)
  14 yaks
  Edmund (D:4)
  Duvessa (D:4)
  An acid dragon (D:8)
  An orc warrior (D:8)
  2 sky beasts (D:6)
  2 ice beasts
  2 ogres
  A necrophage (D:5)
  2 centaurs
  2 phantoms
  2 kobold brigands
  2 bullfrogs
  A gnoll sergeant (D:9)
  3 scorpions
  Dowan (D:4)
  14 wights
  3 howler monkeys
  A hound (D:3)
  Crazy Yiuf (D:2)
  A jelly (D:5)
  2 iguanas
  5 orc priests
  Natasha (thrice) (D:2)
  4 orc wizards
  10 gnolls
  5 adders
  A shadow imp (D:8)
  3 white imps (D:7)
  An ufetubus (D:4)
  4 worms
  4 dart slugs
  32 orcs
  10 endoplasms
  2 giant cockroaches
  13 goblins
  5 hobgoblins
  8 jackals
  14 kobolds
  6 quokkas
  6 ball pythons
  10 bats
  4 frilled lizards
  3 rats
226 creatures vanquished.

Vanquished Creatures (others)
  A human (D:10)
1 creature vanquished.

Grand Total: 227 creatures vanquished

Notes
Turn   | Place    | Note
-------+----------+-------------------------------------------
     0 | D:1      | siradein the Ghoul Ice Elementalist began the quest for the
                  | Orb.
     0 | D:1      | Reached XP level 1. HP: 14/14 MP: 2/2
   273 | D:1      | Reached XP level 2. HP: 12/20 MP: 1/3
   412 | D:1      | Found a faded altar of an unknown god.
   446 | D:1      | Reached skill level 5 in Ice Magic
   927 | D:1      | Reached XP level 3. HP: 20/26 MP: 2/4
  1502 | D:2      | Learned a level 3 spell: Frozen Ramparts
  1630 | D:2      | Found a runed translucent door.
  1631 | D:2      | Noticed Crazy Yiuf
  1730 | D:2      | Reached skill level 6 in Ice Magic
  1730 | D:2      | Reached XP level 4. HP: 26/33 MP: 2/5
  1883 | D:2      | Noticed Natasha
  1892 | D:2      | Killed Natasha
  2125 | D:2      | Noticed Natasha
  2136 | D:2      | Killed Natasha
  2137 | D:2      | Reached XP level 5. HP: 8/38 MP: 2/6
  2141 | D:2      | Learned a level 3 spell: Ozocubu's Armour
  2462 | D:3      | Reached skill level 7 in Ice Magic
  3090 | D:4      | Found a broken altar of Ashenzari.
  3093 | D:4      | Noticed Edmund
  3108 | D:4      | Killed Edmund
  3109 | D:4      | Reached skill level 8 in Ice Magic
  3109 | D:4      | Reached XP level 6. HP: 31/45 MP: 1/7
  3249 | D:2      | Noticed Natasha
  3256 | D:2      | Killed Natasha
  3776 | D:2      | Killed Crazy Yiuf
  4351 | D:4      | Reached skill level 9 in Ice Magic
  4351 | D:4      | Reached XP level 7. HP: 50/50 MP: 1/8
  4724 | D:4      | Noticed Duvessa
  4995 | D:4      | Noticed Dowan
  5006 | D:4      | Killed Dowan
  5007 | D:4      | Killed Duvessa
  5234 | D:5      | Entered Level 5 of the Dungeon
  5239 | D:5      | Noticed a komodo dragon
  5511 | D:5      | Reached skill level 10 in Ice Magic
  5557 | D:5      | Killed a komodo dragon
  5558 | D:5      | Reached skill level 11 in Ice Magic
  5558 | D:5      | Reached XP level 8. HP: 27/57 MP: 0/9
  6069 | D:5      | Found a stormy altar of Qazlal.
  6652 | D:6      | Noticed a five-headed hydra
  6678 | D:5      | Reached skill level 12 in Ice Magic
  6991 | D:6      | Noticed a red ugly thing
  6992 | D:6      | Noticed an unseen horror
  7009 | D:6      | Killed an unseen horror
  7010 | D:6      | Reached XP level 9. HP: 11/62 MP: 1/12
  7252 | D:6      | Killed a five-headed hydra
  7253 | D:6      | Reached skill level 13 in Ice Magic
  7580 | D:7      | Found a staircase to the Ecumenical Temple.
  7580 | D:7      | Noticed Joseph
  7969 | Temple   | Entered the Ecumenical Temple
  8293 | D:7      | Killed Joseph
  8294 | D:7      | Reached skill level 5 in Spellcasting
  8339 | D:7      | Reached skill level 14 in Ice Magic
  8339 | D:7      | Reached XP level 10. HP: 59/69 MP: 12/17
  8454 | D:7      | Learned a level 4 spell: Summon Ice Beast
  8459 | D:7      | Learned a level 4 spell: Hailstorm
  8696 | D:7      | Reached skill level 1 in Necromancy
  9227 | D:7      | Reached skill level 1 in Conjurations
  9229 | D:7      | Found a burning altar of Makhleb.
  9294 | D:7      | Found a sacrificial altar of Ru.
  9418 | D:8      | Found a staircase to the Lair.
  9446 | D:8      | Noticed Psyche
  9450 | D:8      | Killed Psyche
  9549 | D:8      | Found an iron altar of Okawaru.
 10305 | D:9      | Found a basalt altar of Yredelemnul.
 10325 | D:9      | Noticed a deep elf pyromancer
 10331 | D:9      | Killed a deep elf pyromancer
 10332 | D:9      | Reached skill level 1 in Fighting
 10695 | D:9      | Reached XP level 11. HP: 53/79 MP: 10/19
 11201 | D:9      | Found Dauhauk's Magic Scroll Emporium.
 11207 | D:9      | Bought a scroll of identify for 20 gold pieces
 11207 | D:9      | Bought a scroll of magic mapping for 35 gold pieces
 11363 | D:10     | Entered Level 10 of the Dungeon
 11391 | D:10     | Noticed Maurice
 11400 | D:10     | Killed Maurice
 11597 | D:10     | Found an ancient bone altar of Kikubaaqudgha.
 11603 | D:10     | Became a worshipper of Kikubaaqudgha
 12102 | D:10     | Found a staircase to the Orcish Mines.
 12120 | D:10     | Cast into level 1 of the Abyss (orc warrior)
 12204 | Abyss:1  | Found a corrupted altar of Lugonu.
 12282 | Abyss:1  | Found a broken altar of Ashenzari.
 12285 | Abyss:1  | Noticed a wretched star
 12298 | Abyss:1  | Noticed a wretched star
 12350 | Abyss:1  | Noticed a starcursed mass
 12490 | Abyss:1  | Noticed a glowing orange brain
 12527 | Abyss:1  | Noticed a blizzard demon
 12530 | Abyss:1  | Noticed a hell hog
 12533 | Abyss:1  | HP: 1/82 [blizzard demon (5)]
 12533 | Abyss:1  | Slain by a blizzard demon

Illustrated notes

Levels and vault maps discovered:
D:1:      sevenhm_arrival_forest_fort_small_4, layout_basic, serial_glass,
          glass_columns_c, glass_columns_a, glass_columns_b, item_on_display_a,
          feat_on_display, item_on_display_a, feat_on_display,
          dreamdust_ecumenical_altar_statues, minmay_cupped
D:2:      layout_basic, hex_tiny, st_stairs_8, uniq_crazy_yiuf_cottage,
          uniq_natasha
D:3:      layout_rooms, serial_aquarium, aquarium_bridge_square
          [aquarium_subvault_bridge, aquarium_subvault_bridge,
          aquarium_subvault_wall, aquarium_subvault_wall], aquarium_window_1,
          aquarium_window_double, aquarium_window_fake,
          aquarium_window_corridor_3, aquarium_view_2f
D:4:      layout_loops_corners, overflow_temple_1_default, st_stairs_8,
          uniq_edmund, uniq_duvessa
D:5:      layout_basic, nicolae_qazlal_eye_of_the_storm
D:6:      cheibrodos_iron_armory, layout_rooms, eino_tiny_chamber,
          minmay_circle_x
D:7:      layout_basic, marbit_many_paths, nicolae_ru_path_of_blood,
          minmay_temple_entry_wispy, uniq_joseph
D:8:      layout_loops_cross, kennysheep_mini, lair_entry_dummy, minivault_5,
          uniq_psyche
D:9:      layout_loops_ring, mainiacjoe_overflow_24_doors, serial_shops, shop
D:10:     layout_roguey, tgw_kikubaaqudgha, minmay_orc_entry_temple_small,
          uniq_maurice
Temple:   regret_index_temple_waves
Abyss:1:  base:
D:7

Skill      XL: |  1  2  3  4  5  6  7  8  9 10 11 |
---------------+----------------------------------+-----
Ice Magic      | 5 6 8 9 11 12 14 | 14.8
Spellcasting   | 2 5 6 |  6.9
Necromancy     | 3 4 |  4.7
Conjurations   | 3 |  3.8
Dodging        | 2 3 |  3.3
Fighting       | 1 3 |  3.3
Stealth        | |  2.1

Action                   |  1- 3 |  4- 6 |  7- 9 | 10-12 || total
-------------------------+-------+-------+-------+-------++-------
Melee: Dagger            |    96 |    14 |       |       ||   110
       Unarmed           |     2 |       |       |       ||     2
       Punch             |     1 |       |       |       ||     1
       Hand axe          |       |   120 |    15 |       ||   135
       Flail             |       |     6 |   123 |   266 ||   395
       Spear             |       |       |       |    89 ||    89
 Cast: Freeze            |    41 |    20 |    16 |     9 ||    86
       Frozen Ramparts   |       |     7 |    22 |    27 ||    56
       Ozocubu's Armour  |       |     4 |    13 |    30 ||    47
       Summon Ice Beast  |       |       |       |     4 ||     4
  Use: Scroll            |       |       |     9 |     7 ||    16
 Stab: Sleeping          |       |     2 |       |     1 ||     3
       Distracted        |       |       |       |     1 ||     1
Armor: Robe              |    23 |       |    48 |   157 ||   228
       Leather armour    |    21 |    35 |    23 |       ||    79
Dodge: Dodged            |    67 |    84 |    95 |   333 ||   579
Block: Buckler           |     6 |    18 |    17 |    37 ||    78

Table legend: (Time is in decaauts)
 A = Elapsed time spent in this place.
 B = Non-inter-level travel time spent in this place.
 C = Inter-level travel time spent in this place.
 D = Time resting spent in this place.
 E = Time spent auto-exploring this place.
 F = Levels seen in this place.
 G = Mean time per level.
                   A        B        C        D        E       F      G
               +--------+--------+--------+--------+--------+-----+--------+
         Total |  12804 |  12400 |    404 |    876 |   8274 |  12 | 1067.0 |
       Dungeon |  12207 |  11803 |    404 |    829 |   8088 |  10 | 1220.7 |
        Temple |    182 |    182 |      0 |     47 |    102 |   1 |  182.0 |
         Abyss |    413 |    413 |      0 |      0 |     84 |   1 |  413.0 |
               +--------+--------+--------+--------+--------+-----+--------+

Top non-repeatable levels by time:
     D:2: 1807 daAuts
     D:7: 1690 daAuts
     D:5: 1684 daAuts
     D:4: 1641 daAuts
     D:1: 1309 daAuts
     D:8: 1092 daAuts
     D:9: 943 daAuts
    D:10: 795 daAuts
     D:3: 682 daAuts
     D:6: 560 daAuts
 Abyss:1: 413 daAuts
  Temple: 182 daAuts
